 Dungeon Crawl Stone Soup version 0.19.1 (webtiles) character file.

4857 RedPan the Slicer (level 10, -16/65 HPs)
             Began as a Vampire Enchanter on Dec 26, 2016.
             Was an Elder of Nemelex Xobeh.
             Demolished by an orc warrior
             ... wielding a +0 war axe
              (23 damage)
             ... on level 9 of the Dungeon.
             The game lasted 00:26:34 (8748 turns).

RedPan the Slicer (Vampire Enchanter)               Turns: 8748, Time: 00:26:35

Health: -16/65     AC:  5    Str:  7    XL:     10   Next: 25%
Magic:  23/23      EV: 18    Int: 21    God:    Nemelex Xobeh [****..]
Gold:   306        SH:  0    Dex: 15    Spells: 3 memorised, 7 levels left

rFire  . . .     SeeInvis +     q - +3 short sword (venom)
rCold  . . .     Gourm    .     b - +2 robe
rNeg   + . .     Faith    .     (no shield)
rPois  .         Spirit   .     p - +0 helmet
rElec  .         Reflect  .     (no cloak)
rCorr  .         Harm     .     (no gloves)
MR     +....                    (no boots)
Stlth  ++++......               (no amulet)
                                i - ring of magical power
                                (no ring)

@: no status effects
A: fangs 3, see invisible, unbreathing
a: Bat Form, Triple Draw, Deal Four, Renounce Religion


You were on level 9 of the Dungeon.
You worshipped Nemelex Xobeh.
Nemelex Xobeh was greatly pleased with you.
You were not thirsty.

You visited 2 branches of the dungeon, and saw 10 of its levels.

You collected 306 gold pieces.

Inventory:

Hand Weapons
 a - a +1 dagger
 q - a +3 short sword of venom (weapon)
Armour
 b - a +2 robe (worn)
 n - a +0 robe of fire resistance
 p - a +0 helmet (worn)
Jewellery
 i - a ring of magical power (right hand)
 r - an uncursed ring of ice {unknown}
 x - an uncursed ring of ice {unknown}
 z - a +2 ring of strength {unknown}
Wands
 h - a wand of slowing (9/48)
 j - a wand of disintegration (15/24)
 l - a wand of hasting (7/9)
 m - a wand of lightning (8/15)
 u - a wand of confusion (21/48)
Scrolls
 e - 2 scrolls of amnesia {unknown}
 f - 6 scrolls of identify
 k - a scroll of enchant armour
 o - 6 scrolls of teleportation
 y - a scroll of magic mapping
 B - a scroll of silence {unknown}
 F - 2 scrolls of remove curse
Potions
 d - 22 potions of blood
 g - 7 potions of haste
 s - a potion of curing
 v - 2 potions of agility
 C - a potion of flight {unknown}
Books
 c - a book of Maledictions

   Spells                             Type                      Level
   a - Corona                         Hexes                        1
   b - Ensorcelled Hibernation        Hexes/Ice                    2
   c - Confuse                        Hexes                        3
   d - Tukima's Dance                 Hexes                        3
   e - Dazzling Spray                 Conjuration/Hexes            3
 t - a book of Conjurations

   Spells                             Type                      Level
   a - Magic Dart                     Conjuration                  1
   b - Searing Ray                    Conjuration                  2
   c - Dazzling Spray                 Conjuration/Hexes            3
   d - Fulminant Prism                Conjuration/Hexes            4
   e - Iskenderun's Mystic Blast      Conjuration                  4
   f - Iskenderun's Battlesphere      Conjuration/Charms           5
Miscellaneous
 A - an ornate deck of escape {drawn: 3}
 D - a plain deck of destruction {drawn: 2}


   Skills:
 + Level 1.2 Fighting
 + Level 9.3 Short Blades
 - Level 9.0 Dodging
 - Level 8.0 Stealth
 - Level 2.0 Spellcasting
 - Level 8.1 Hexes
 - Level 3.1 Ice Magic
 + Level 5.6 Invocations


You had 7 spell levels left.
You knew the following spells:

 Your Spells              Type           Power        Failure   Level  Hunger
a - Corona                Hex            #####..      1%          1    #......
b - Ensorcelled Hibernat  Hex/Ice        ####..       1%          2    ##.....
c - Confuse               Hex            #####...     1%          3    ###....


Dungeon Overview and Level Annotations

Branches:
Dungeon (9/15)             Temple (1/1) D:4
   Lair: D:8-11         Orc: D:9-12

Altars:
Ashenzari
Cheibriados
Dithmenos
Elyvilon
Fedhas
Gozag
Hepliaklqana
Kikubaaqudgha
Makhleb
Nemelex Xobeh
Okawaru
Qazlal
Ru
Sif Muna
Trog
Uskayaw
Vehumet
Xom
Yredelemnul
Zin
The Shining One

Shops:
D:7 }[?=


Innate Abilities, Weirdness & Mutations

You have razor-sharp teeth.
You have supernaturally acute eyesight. (SInv)
You can survive without breathing.


Message History

The cyclops is moving somewhat quickly.
The orc is moving somewhat quickly.
An orc comes into view.
Evoke which item? (* to show all) (? for menu, Esc to quit)
You draw a card...
It is Wild Magic.
The orc warrior is caught in an explosion of flying shrapnel!
The explosion engulfs the orc warrior.
The explosion engulfs you!
* * * LOW HITPOINT WARNING * * *
There is a sudden explosion of magical energy!
The explosion engulfs the cyclops.
The cyclops dies!
Your Fighting skill increases to level 1!
The orc is caught in an explosion of flying shrapnel!
The explosion engulfs the orc.
The orc dies!
The explosion engulfs the orc.
The orc dies!
You feel a surge of magic.
The orc warrior hits you with a war axe!!
You die...
Your body disappears without a glow.

#....>....#########.#
####'##
#........[).........#
#.....#
..........)...#
#.....# #...........#
#.....#
#....(......####.....#
#....)(..!..#.....(..#
#..........(#.#......#
#......o....#.#......#
#.......@...#.#......#
#...(.......#.#......#
#####.....(.#.#.###.##
#.......#.#.###.#
#.#####.#<......# ##.
.######### ._#. .. .##
###


You could see an orc warrior.

Vanquished Creatures
  Pikel (D:6)
  A troll (D:5)
  A hippogriff (D:8)
  Sigmund (D:2)
  Eustachio (D:6)
  3 sky beasts
  A slave (D:6)
  An orc warrior (D:9)
  A black bear (D:6)
  An ice beast (D:8)
  A centaur (D:5)
  A phantom (D:6)
  4 ogres
  Blork the orc (D:6)
  A big kobold (D:6)
  A scorpion (D:5)
  3 killer bees (D:8)
  4 howler monkeys
  3 crimson imps
  2 bullfrog zombies
  3 hounds
  An orc priest (D:7)
  5 orc wizards
  A bullfrog skeleton (D:5)
  2 iguanas
  2 worker ants
  2 hound zombies
  A hound skeleton (D:7)
  5 adders
  5 oozes
  An adder skeleton (D:5)
  4 dart slugs
  2 worms
  3 leopard geckos
  17 orcs
  8 bats
  A bat zombie (D:7)
  5 giant cockroaches
  4 goblins
  6 hobgoblins
  3 jackals
  11 kobolds
  4 quokkas
  3 ball pythons
  5 frilled lizards
  2 jackal skeletons
  7 rats
  A rat zombie (D:7)
147 creatures vanquished.

Vanquished Creatures (collateral kills)
  3 hogs (D:7)
  An ice beast (D:8)
  2 phantoms
  A sky beast (D:7)
  An orc warrior (D:8)
  An ogre (D:7)
  A big kobold (D:8)
  2 bullfrogs
  A scorpion (D:5)
  A howler monkey (D:5)
  3 crimson imps
  2 orc priests
  A jelly (D:5)
  Ijyb (D:3)
  A bullfrog skeleton (D:5)
  A centaur skeleton (D:8)
  2 adders (D:6)
  2 gnolls (D:8)
  2 leopard geckos
  4 orcs
  A giant cockroach (D:3)
  7 kobolds (D:8)
41 creatures vanquished.

Vanquished Creatures (others)
  A cyclops (D:9)
  A human (D:7)
  A hog (D:7)
  A sky beast (D:9)
  3 slaves (D:6)
  2 killer bees (D:8)
  A gnoll shaman (D:8)
  2 gnolls (D:8)
  3 orcs
  A jackal (D:6)
16 creatures vanquished.

Grand Total: 204 creatures vanquished

Notes
Turn   | Place    | Note
-------+----------+-------------------------------------------
     0 | D:1      | RedPan the Vampire Enchanter began the quest for the Orb.
     0 | D:1      | Reached XP level 1. HP: 13/13 MP: 3/3
   255 | D:1      | Reached skill level 5 in Hexes
   367 | D:1      | Reached XP level 2. HP: 16/19 MP: 5/5
   373 | D:1      | Learned a level 2 spell: Ensorcelled Hibernation
   925 | D:1      | Reached XP level 3. HP: 24/24 MP: 6/6
  1147 | D:2      | Learned a level 3 spell: Confuse
  1186 | D:2      | Found a faded altar of an unknown god.
  1253 | D:2      | Noticed Sigmund
  1258 | D:2      | Killed Sigmund
  1258 | D:2      | Reached XP level 4. HP: 25/30 MP: 4/7
  1258 | D:2      | Reached XP level 5. HP: 29/35 MP: 4/8
  2368 | D:3      | Found a sparkling altar of Nemelex Xobeh.
  2376 | D:3      | Became a worshipper of Nemelex Xobeh the Trickster
  2427 | D:3      | Found a glowing golden altar of the Shining One.
  2427 | D:3      | Found a shattered altar of Ashenzari.
  2464 | D:3      | Received a gift from Nemelex Xobeh
  2831 | D:3      | Noticed Ijyb
  2835 | D:3      | Killed Ijyb
  3037 | D:3      | Found a shimmering altar of Xom.
  3039 | D:3      | Found a sparkling altar of Nemelex Xobeh.
  3039 | D:3      | Found a stormy altar of Qazlal.
  3041 | D:3      | Found an opulent altar of Gozag.
  3041 | D:3      | Found a shimmering altar of Xom.
  3041 | D:3      | Found a hazy altar of Hepliaklqana.
  3108 | D:4      | Reached * piety under Nemelex Xobeh
  3114 | D:4      | Found a radiant altar of Vehumet.
  3121 | D:4      | Reached XP level 6. HP: 35/41 MP: 9/9
  3245 | D:4      | Found a glowing silver altar of Zin.
  3337 | D:4      | Found a staircase to the Ecumenical Temple.
  3345 | Temple   | Entered the Ecumenical Temple
  3479 | Temple   | Received a gift from Nemelex Xobeh
  3625 | D:4      | Reached ** piety under Nemelex Xobeh
  3825 | D:5      | Entered Level 5 of the Dungeon
  4180 | D:5      | Noticed a sky beast
  4188 | D:5      | Killed a sky beast
  4188 | D:5      | Reached skill level 5 in Short Blades
  4188 | D:5      | Reached skill level 1 in Ice Magic
  4233 | D:5      | Received a gift from Nemelex Xobeh
  4367 | D:5      | Found a shadowy altar of Dithmenos.
  4373 | D:5      | Reached XP level 7. HP: 46/46 MP: 10/10
  4763 | D:5      | Noticed a troll
  4771 | D:5      | Killed a troll
  4771 | D:5      | Reached XP level 8. HP: 52/52 MP: 11/11
  4885 | D:5      | Gained mutation: You have a somewhat thin skeletal structure. (Dex +2, Stealth) [potion of beneficial mutation]
  4888 | D:5      | Lost mutation: You have a somewhat thin skeletal structure. (Dex +2, Stealth) [potion of cure mutation]
  4933 | D:6      | Noticed Blork the orc
  4938 | D:6      | Killed Blork the orc
  5014 | D:6      | Received a gift from Nemelex Xobeh
  5084 | D:6      | Reached *** piety under Nemelex Xobeh
  5148 | D:6      | Noticed Pikel
  5158 | D:6      | Killed Pikel
  5477 | D:6      | Found a stormy altar of Qazlal.
  5515 | D:6      | Reached skill level 5 in Dodging
  5637 | D:6      | Noticed Eustachio
  5644 | D:6      | Killed Eustachio
  5644 | D:6      | Reached XP level 9. HP: 46/57 MP: 12/12
  5791 | D:6      | Reached skill level 1 in Invocations
  6155 | D:7      | Noticed a rust devil
  6401 | D:7      | Found Foukhlui's Armour Emporium.
  6411 | D:7      | Found Isacroh's Magic Scroll Shop.
  6570 | D:7      | Received a gift from Nemelex Xobeh
  6670 | D:7      | Found an ancient bone altar of Kikubaaqudgha.
  6706 | D:7      | Found Siedaf's Gadget Emporium.
  6814 | D:7      | Found Hoxyt's Jewellery Shoppe.
  7850 | D:8      | Reached XP level 10. HP: 63/63 MP: 13/13
  7860 | D:8      | Reached skill level 5 in Invocations
  8085 | D:8      | Reached **** piety under Nemelex Xobeh
  8319 | D:8      | Found a basalt altar of Yredelemnul.
  8476 | D:9      | Found a bloodstained altar of Trog.
  8717 | D:9      | Received a gift from Nemelex Xobeh
  8730 | D:9      | Noticed a cyclops
  8736 | D:9      | Found a stormy altar of Qazlal.
  8748 | D:9      | Killed a cyclops
  8748 | D:9      | Reached skill level 1 in Fighting
  8748 | D:9      | Demolished by an orc warrior

Skill      XL: |  1  2  3  4  5  6  7  8  9 10 |
---------------+-------------------------------+-----
Hexes          | 5 6 7 8 |  8.1
Short Blades   | 3 4 5 6 8 9 |  9.3
Stealth        | 6 7 8 |  8.0
Ice Magic      | 2 3 |  3.1
Dodging        | 5 8 9 |  9.0
Invocations    | 4 5 |  5.6
Fighting       | 1 |  1.2
Spellcasting   | |  2.0

Action                   |  1- 3 |  4- 6 |  7- 9 | 10-12 || total
-------------------------+-------+-------+-------+-------++-------
Melee: Dagger            |    87 |    49 |       |       ||   136
       Bite              |     4 |     6 |    12 |     7 ||    29
       Short sword       |       |    59 |   252 |    60 ||   371
 Cast: Ensorcelled Hiber |     2 |     7 |    11 |     3 ||    23
       Confuse           |       |       |     2 |       ||     2
Evoke: Deck              |       |     3 |    26 |    16 ||    45
  Use: Potion            |       |     3 |    20 |     2 ||    25
       Scroll            |       |       |    11 |       ||    11
 Stab: Sleeping          |    13 |    27 |    21 |     3 ||    64
       Petrifying        |       |       |     1 |       ||     1
       Petrified         |       |       |     1 |       ||     1
       Distracted        |       |       |     2 |       ||     2
Armor: Robe              |    38 |    15 |    25 |     4 ||    82
Dodge: Dodged            |    66 |    41 |   141 |    48 ||   296
